Unix NetHack Version 5.0.0-0 post-release - last build May  4 2026 22:22:43 (774f63e81ad911689b3a0859ea89b322d5daca8d,branch:main).

Game began 2026-05-08 13:04:47, ended 2026-05-08 13:39:45.

Drastanta, chaotic male elven Wizard

                                                             --------
                                                             |......|
                                                 .         ##|......|
                                                 .         # |......|
                                                 |.       ###.......|
                                                  q     #### --------
                                                  f@#####  #
                                                  ##       #
                                                           #
                                                           #
                                                           #
                                                     ---.--#
                                                     |....|#
                                                     |.<..|#
                                                     |...{|#
                                                     |.....#
                                                     ------

Drastanta the Conjurer    St:12 Dx:17 Co:9 In:20 Wi:11 Ch:9  Chaotic
Dlvl:5  $:150 HP:0(32) Pw:42(50) AC:9  Xp:5 T:1761 

Latest messages:
 The door opens.
 You see here a large box.
 $ - 68 gold pieces (142 in total).  E - an octagonal amulet.  F - a black potion.
 You hear the splashing of a naiad.
 The door opens.
 You see here 5 gold pieces.
 $ - 5 gold pieces (147 in total).
 The door resists!
 The door opens.
 You find a hidden passage.
 Really save? [yn] (n) y
 Saving...
 Restoring save file...
 Hello Drastanta, the elven Wizard, welcome back to NetHack!
 You see here a coarse mantelet.
 You see here 3 gold pieces.
 $ - 3 gold pieces (150 in total).
 You see here a swirly potion.
 k - a swirly potion.
 You descend the stairs.
 The cave spider bites!
 The cave spider bites!
 You miss the cave spider.
 The cave spider bites!
 The cave spider bites!
 You hit the cave spider.
 The cave spider bites!
 The cave spider bites!
 You kill the cave spider!
 The cave spider bites!
 You kill the cave spider!
 The housecat bites!
 You miss the housecat.
 The housecat bites!
 You hit the housecat!
 The housecat bites!
 The housecat bites!
 You hit the housecat.
 The housecat bites!
 The housecat bites!
 You miss the housecat.
 The housecat bites!
 The housecat bites!
 Are you sure you want to pray? [yn] (n) y
 You begin praying to Anhur.
 The rothe hits!
 The rothe bites!
 You die...
 Do you want your possessions identified? [ynq] (y) y
 Do you want to see your attributes? [ynq] (y) q

Inventory:
 Coins    ('$')
  $ - 150 gold pieces
 Amulets  ('"')
  E - an uncursed amulet versus poison
 Weapons  (')')
  a - a blessed +1 quarterstaff (weapon in hands)
 Armor    ('[')
  b - an uncursed +0 cloak of magic resistance (being worn)
 Comestibles  ('%')
  y - 2 uncursed carrots
  q - 2 uncursed cram rations
  u - an uncursed fortune cookie
  r - an uncursed orange
  t - 3 uncursed tripe rations
 Scrolls  ('?')
  v - a cursed scroll of confuse monster
  j - an uncursed scroll of enchant armor
  i - an uncursed scroll of identify
  p - 2 uncursed scrolls of teleportation
 Spellbooks  ('+')
  l - a blessed spellbook of force bolt
  m - an uncursed spellbook of magic missile
 Potions  ('!')
  g - a blessed potion of blindness
  k - an uncursed potion of enlightenment
  h - an uncursed potion of full healing
  f - a blessed potion of levitation
  F - an uncursed potion of oil
  A - an uncursed potion of sickness
  B - an uncursed potion of water
 Rings    ('=')
  x - an uncursed ring of fire resistance
  e - an uncursed +1 ring of gain strength (on left hand)
  d - an uncursed ring of protection from shape changers
  w - an uncursed ring of sustain ability
 Wands    ('/')
  c - a wand of polymorph (0:7)
  s - a wand of undead turning (0:4)
 Tools    ('(')
  o - an uncursed wooden flute
  n - a magic marker (0:21)
  D - a +0 pick-axe

Drastanta the Wizard's attributes:

Background:
 You were a Conjurer, a level 5 male elven Wizard.
 You were chaotic, on a mission for Anhur
 who was opposed by Ptah (lawful) and Thoth (neutral).
 You were right-handed.
 You were in the Dungeons of Doom, on level 5.
 You entered the dungeon 1761 turns ago.
 You had 192 experience points, 128 more were needed to attain level 6.

Basics:
 You had 0 out of 32 hit points.
 You had 42 out of 50 energy points (spell power).
 Your armor class was 9.
 Your wallet contained 150 zorkmids.
 Autopickup was off.

Final Characteristics:
 Your strength was 12 (base:11, limit:18).
 Your dexterity was 17 (limit:18).
 Your constitution was 9 (limit:16).
 Your intelligence was 20 (limit:20).
 Your wisdom was 11 (limit:20).
 Your charisma was 9 (limit:18).

Final Status:
 You weren't hungry.
 You were unencumbered.
 You were wielding a quarterstaff.
 You had basic skill with quarterstaff.

Final Attributes:
 You were devoutly aligned.
 You were magic-protected.
 You were sleep resistant.
 You had infravision.
 You were warded.
 You are dead.

Miscellaneous:
 You encountered 1 bones level.
 Total elapsed playing time was 22 minutes and 30 seconds.

Major events:
 Turn
    1: Drastanta the chaotic male elven Wizard entered the dungeon
  705: entered the Gnomish Mines
 1094: attained the rank of Conjurer (level 3)
 1761: killed by a rothe, while praying

Spells:
 Name                 Level Category     Fail Retention
 force bolt             1   attack         0%  91%-100%
 magic missile          2   attack         0%  91%-100%
 sleep                  3   enchantment    0%  91%-100%

Skills:
 Fighting Skills
   bare handed combat [Unskilled]
   riding             [Unskilled]
 Weapon Skills
   dagger             [Unskilled]
   knife              [Unskilled]
   axe                [Unskilled]
   short sword        [Unskilled]
   club               [Unskilled]
   mace               [Unskilled]
   quarterstaff       [Basic]
   polearms           [Unskilled]
   spear              [Unskilled]
   trident            [Unskilled]
   sling              [Unskilled]
   dart               [Unskilled]
   shuriken           [Unskilled]
 Spellcasting Skills
   attack spells      [Basic]
   healing spells     [Unskilled]
   divination spells  [Unskilled]
   enchantment spells [Basic]
   clerical spells    [Unskilled]
   escape spells      [Unskilled]
   matter spells      [Unskilled]

Voluntary challenges:
 Character rerolling was not enabled.
 You followed a strict vegan diet.
 You never genocided any monsters.
 You never polymorphed an object.
 You never changed form.
 You used no wishes.
Achievements:
 You entered a shop.
 You entered the Gnomish Mines.
 You attained the rank of Conjurer.

 The Dungeons of Doom: levels 1 to 5
    Level 1:
    Level 2:
       A general store.
       Stairs down to The Gnomish Mines.
    Level 3:
       An altar.
    Level 4:
       Some fountains.
    Level 5: <- You were here.
       A sink.
       Final resting place for
          you, killed by a rothe, while praying,
          jlindsay-Pri-Hum-Fem-Law, killed by a rothe.
 The Gnomish Mines:
    Level 3:


Vanquished creatures:
  2 small mimics
  a leprechaun
  a kitten
  2 dwarves
  a werejackal
  2 coyotes
  a hobbit
  a giant rat
  2 cave spiders
  4 garter snakes
  3 jackals
  a fox
  a kobold
  a goblin
  2 grid bugs
  5 lichens
  2 kobold zombies
  3 newts
35 creatures vanquished.

No species were genocided or became extinct.

Game over:
                       ----------
                      /          \
                     /    REST    \
                    /      IN      \
                   /     PEACE      \
                  /                  \
                  |    Drastanta     |
                  |      150 Au      |
                  |   killed by a    |
                  |      rothe       |
                  |                  |
                  |                  |
                  |       2026       |
                 *|     *  *  *      | *
        _________)/\\_//(\/(/\)/\//\/|_)_______

Goodbye Drastanta the Wizard...

You died in The Dungeons of Doom on dungeon level 5 with 1103 points,
and 150 pieces of gold, after 1761 moves.
You were level 5 with a maximum of 32 hit points when you died.

